 Dungeon Sprint DCSS version 0.21.1-1-g345015f (webtiles) character file.

9200000 Fang the Axe Maniac (level 27, 0/270 (273) HPs)
             Began as a Minotaur Gladiator on May 7, 2018.
             Was the Champion of Makhleb.
             Killed by divine providence
             ... invoked by an accursed
              (14 damage)
             ... in the Dungeon (Sprint VIII: "Arena of Blood").
             The game lasted 00:01:28 (92 turns).

Fang the Axe Maniac (Minotaur Gladiator)              Turns: 92, Time: 00:01:29

HP:   0/270 (273)   AC:  6    Str: 32    XL:     27
MP:   33/53         EV: 28    Int:  5    God:    Makhleb [******]
Gold: 0             SH:  0    Dex: 12    Spells: 80/80 levels left

rFire    . . .     SeeInvis .   l - +∞ Axe of Woe
rCold    . . .     Gourm    .   (shield currently unavailable)
rNeg     . . .     Faith    .   b - +0 leather armour
rPois    .         Spirit   .   c - +0 hat
rElec    .         Reflect  .   (no cloak)
rCorr    .         Harm     .   (no gloves)
MR       ++...     NoTele   +   (no boots)
Stlth    +++++++++.             (no amulet)
HPRegen  0.55/turn              (no ring)
MPRegen  0.33/turn              (no ring)

@: no status effects
A: retaliatory headbutt, horns 2
a: Minor Destruction, Lesser Servant of Makhleb, Major Destruction, Greater
Servant of Makhleb, Renounce Religion


You were in the Dungeon.
You worshipped Makhleb.
Makhleb was exalted by your worship.
You were not hungry.

You visited 1 branch

Inventory:

Hand Weapons
 a - a +0 war axe
 l - the +∞ Axe of Woe (weapon)
   (You found it in the Dungeon)
Missiles
 d - 3 throwing nets (quivered)
Armour
 b - a +0 leather armour (worn)
 c - a +0 hat (worn)
Scrolls
 k - a scroll of blinking
Potions
 e - a potion of curing
 g - a potion of heal wounds
 h - a potion of haste
 i - 2 potions of magic
 j - a potion of berserk rage
Comestibles
 f - a ration


   Skills:
 O Level 27 Fighting
 O Level 27 Axes
 O Level 27 Throwing
 O Level 27 Armour
 O Level 27 Dodging
 O Level 27 Stealth
 O Level 27 Unarmed Combat
 O Level 27 Spellcasting
 O Level 27 Invocations


You had 80 spell levels left.
You didn't know any spells.

Dungeon Overview and Level Annotations

Branches:
Dungeon (1/1)

Altars:
Makhleb


Innate Abilities, Weirdness & Mutations

You reflexively headbutt those who attack you in melee.
You have a pair of horns on your head.


Message History

You hear a shout! x2
The meat berserker hits you with a +9 battleaxe!!!
* * * LOW HITPOINT WARNING * * *
The dread calls on the powers of darkness!
The meat berserker convulses!
Your body is wracked with pain!
* * * LOW HITPOINT WARNING * * *
The bag of meat convulses!
The eight-headed meat hydra convulses!
The bag of meat convulses!
You hear a shout!
The tentacled monstrosity tentacle-slaps you!
* * * LOW HITPOINT WARNING * * *
The tentacled monstrosity misses you.
The tentacled monstrosity tentacle-slaps you.
* * * LOW HITPOINT WARNING * * *
The tentacled monstrosity closely misses you.
The bag of meat is engulfed in blazing flames.
You hear a shout!
The accursed gestures at you while chanting.
Something smites you!
You die...

.....#.... #.......#
..#......###.... ..###.
%.............###......
.....%#.§§§...._......
....#.))§§.%#.....#
#....))§)§.#_.<._#
....#.)))o).#.....#.
......#)))))))._......
........@).).)###......
.......XO###.......###.
......W.LX #.......#
........X..#.......#
..#.%..oX.MX........
#.#%#XL............
.#.#...............
.#.#D........


You could see an accursed, 3 tentacled monstrosities, 2 tyrants, an eight-headed
meat hydra, 3 large abominations, a dread, a meat berserker (berserk) and 2 bags
of meat.

Vanquished Creatures
  4 hell beasts (D)
  2 greater mummies (D)
  A wraith (D)
  14 vampire knights (D)
  24 ogres (D)
  5 two-headed ogres (D)
  4 liches (D)
  78 orcs (D)
  5 skeletal warriors (D)
  6 large abominations (D)
  6 small abominations (D)
  10 crawling corpses (D)
159 creatures vanquished.

Vanquished Creatures (others)
  2 crawling corpses (D)
2 creatures vanquished.

Grand Total: 161 creatures vanquished

Notes
Turn   | Place    | Note
-------+----------+-------------------------------------------
     0 | D        | Found the +∞ Axe of Woe
     0 | D        | Fang the Minotaur Gladiator began the quest for the Orb.
     0 | D        | Reached XP level 1. HP: 18/18 MP: 0/0
     3 | D        | Noticed a meat berserker
     4 | D        | Became a worshipper of Makhleb the Destroyer
     5 | D        | Noticed a bag of meat
     5 | D        | Noticed a bag of meat
     6 | D        | Noticed a bag of meat
     6 | D        | Killed a bag of meat
     6 | D        | Reached XP level 2. HP: 42/42 MP: 1/1
     6 | D        | Reached XP level 3. HP: 49/49 MP: 2/2
     6 | D        | Reached XP level 4. HP: 57/57 MP: 3/3
     6 | D        | Reached XP level 5. HP: 63/63 MP: 4/4
     6 | D        | Reached XP level 6. HP: 71/71 MP: 5/5
     6 | D        | Reached XP level 7. HP: 78/78 MP: 6/6
     6 | D        | Reached XP level 8. HP: 85/85 MP: 7/7
     6 | D        | Reached XP level 9. HP: 91/91 MP: 8/8
     6 | D        | Reached XP level 10. HP: 99/99 MP: 9/9
     6 | D        | Reached XP level 11. HP: 105/105 MP: 10/10
     6 | D        | Killed a meat berserker
     6 | D        | Reached * piety under Makhleb
     6 | D        | Reached skill level 15 in Fighting
     6 | D        | Reached XP level 12. HP: 121/121 MP: 11/11
     6 | D        | Reached XP level 13. HP: 127/127 MP: 12/12
     7 | D        | Noticed a bag of meat
     7 | D        | Noticed a bag of meat
     7 | D        | Noticed a bag of meat
     8 | D        | Killed a bag of meat
     8 | D        | Reached skill level 27 in Axes
     8 | D        | Reached skill level 1 in Armour
     8 | D        | Reached XP level 14. HP: 109/138 MP: 13/13
     8 | D        | Killed a bag of meat
     9 | D        | Noticed a meat berserker
     9 | D        | Noticed a bag of meat
    10 | D        | Killed a bag of meat
    10 | D        | Reached ** piety under Makhleb
    10 | D        | Reached skill level 15 in Throwing
    10 | D        | Reached skill level 27 in Dodging
    10 | D        | Reached XP level 15. HP: 108/156 MP: 14/14
    12 | D        | Noticed a meat berserker
    12 | D        | Reached *** piety under Makhleb
    12 | D        | Reached skill level 27 in Fighting
    12 | D        | Reached skill level 10 in Armour
    12 | D        | Reached XP level 16. HP: 169/183 MP: 15/15
    13 | D        | Killed a meat berserker
    15 | D        | Killed a meat berserker
    15 | D        | Reached skill level 27 in Throwing
    15 | D        | Reached XP level 17. HP: 191/191 MP: 16/16
    16 | D        | Reached **** piety under Makhleb
    17 | D        | Noticed a meat berserker
    17 | D        | Noticed a large bag of meat
    18 | D        | Reached skill level 27 in Armour
    18 | D        | Reached skill level 10 in Unarmed Combat
    18 | D        | Reached skill level 10 in Invocations
    18 | D        | Reached XP level 18. HP: 200/200 MP: 16/27
    19 | D        | Noticed a meat berserker
    19 | D        | Noticed a meat berserker
    21 | D        | Killed a meat berserker
    21 | D        | Reached ***** piety under Makhleb
    21 | D        | Reached skill level 15 in Invocations
    22 | D        | Reached skill level 15 in Stealth
    22 | D        | Reached XP level 19. HP: 207/207 MP: 16/34
    24 | D        | Noticed a destroyer
    24 | D        | Killed a meat berserker
    24 | D        | Reached skill level 15 in Spellcasting
    24 | D        | Reached XP level 20. HP: 216/216 MP: 17/39
    26 | D        | Noticed a meat berserker
    26 | D        | Noticed a destroyer
    26 | D        | Noticed a destroyer
    27 | D        | Reached ****** piety under Makhleb
    27 | D        | Killed a meat berserker
    27 | D        | Reached skill level 27 in Unarmed Combat
    27 | D        | Reached XP level 21. HP: 224/224 MP: 17/43
    28 | D        | Reached skill level 27 in Invocations
    29 | D        | Reached skill level 27 in Stealth
    30 | D        | Killed a destroyer
    30 | D        | Reached skill level 27 in Spellcasting
    30 | D        | Reached XP level 22. HP: 233/233 MP: 18/52
    31 | D        | Killed a destroyer
    32 | D        | Killed a destroyer
    32 | D        | Reached XP level 23. HP: 240/240 MP: 18/53
    34 | D        | Noticed a destroyer
    37 | D        | Killed a destroyer
    37 | D        | Reached XP level 24. HP: 249/249 MP: 20/53
    39 | D        | Noticed a destroyer
    39 | D        | Noticed a destroyer
    40 | D        | Reached XP level 25. HP: 257/257 MP: 20/53
    42 | D        | Killed a destroyer
    44 | D        | Noticed a destroyer
    44 | D        | Noticed a destroyer
    45 | D        | Killed a large bag of meat
    45 | D        | Reached XP level 26. HP: 231/266 MP: 22/53
    46 | D        | Noticed a large bag of meat
    47 | D        | Reached XP level 27. HP: 273/273 MP: 22/53
    48 | D        | Noticed an accursed
    48 | D        | Noticed a destroyer
    48 | D        | Noticed a destroyer
    48 | D        | Killed a destroyer
    50 | D        | Noticed a destroyer
    50 | D        | Noticed a destroyer
    50 | D        | Noticed a large bag of meat
    53 | D        | Killed a destroyer
    54 | D        | Noticed a tyrant
    54 | D        | Killed a destroyer
    55 | D        | Noticed a large bag of meat
    56 | D        | Killed a large bag of meat
    56 | D        | Killed a destroyer
    61 | D        | Noticed a dread
    62 | D        | Noticed a tyrant
    62 | D        | Killed an accursed
    64 | D        | Killed a large bag of meat
    65 | D        | Noticed an accursed
    65 | D        | Killed a destroyer
    66 | D        | Noticed a tyrant
    66 | D        | Killed a tyrant
    69 | D        | Noticed a destroyer
    69 | D        | Killed a destroyer
    70 | D        | Noticed a destroyer
    70 | D        | Noticed a meat beast
    70 | D        | Killed a dread
    71 | D        | Noticed a meat beast
    72 | D        | Noticed a large bag of meat
    72 | D        | Killed a tyrant
    72 | D        | Killed a destroyer
    73 | D        | Noticed a meat beast
    74 | D        | Killed a large bag of meat
    74 | D        | Killed a meat beast
    75 | D        | Noticed a tyrant
    75 | D        | Killed a tyrant
    75 | D        | Killed a meat beast
    76 | D        | Killed a destroyer
    78 | D        | Killed an accursed
    78 | D        | Killed a meat beast
    78 | D        | Killed a destroyer
    80 | D        | Killed a large bag of meat
    82 | D        | Noticed a meat beast
    84 | D        | Noticed a tyrant
    84 | D        | Noticed a dread
    85 | D        | Noticed an accursed
    86 | D        | Killed a tyrant
    89 | D        | Noticed a meat beast
    91 | D        | Noticed a tyrant
    91 | D        | Killed a meat beast
    92 | D        | Killed from afar by an accursed

Skill      XL: |  1  2  3  4  5  6  7  8  9 10 11 12 13 14 15 16 17 18 19 20 21 |
---------------+----------------------------------------------------------------+-----
Fighting       | 12 15 16 20 27 | 27.0
Axes           | 20 25 27 | 27.0
Throwing       | 9 12 13 15 20 27 | 27.0
Dodging        | 18 22 24 27 | 27.0
Armour         | 1 6 10 22 27 | 27.0
Stealth        | 9 15 21 24 27 | 27.0
Unarmed Combat | 10 18 24 27 | 27.0
Spellcasting   | 7 12 16 19 27 | 27.0
Invocations    | 10 16 22 26 27 | 27.0

Action                   |  1- 3 |  4- 6 |  7- 9 | 10-12 | 13-15 | 16-18 | 19-21 | 22-24 | 25-27 || total
-------------------------+-------+-------+-------+-------+-------+-------+-------+-------+-------++-------
Melee: Executioner's axe |     1 |       |       |       |     4 |     7 |     7 |     8 |    45 ||    72
Dodge: Dodged            |       |       |       |       |       |     2 |     1 |     1 |     7 ||    11
